 Dungeon Crawl Stone Soup version 0.32-a0-172-gc5dd13f2a7 (webtiles) character file.

Game seed: 13847175816193159694

311 910rd the Covert (level 6, -7/52 HPs)
             Began as a Naga Enchanter on Feb 9, 2024.
             Mangled by an iguana (12 damage)
             ... on level 3 of the Dungeon on Feb 12, 2024.
             The game lasted 00:09:12 (3194 turns).

910rd the Covert (Naga Enchanter)                   Turns: 3194, Time: 00:09:12

Health: -7/52      AC:  5    Str: 10    XL:     6   Next: 42%
Magic:  6/10       EV: 10    Int: 18    God:
Gold:   135        SH:  0    Dex: 17    Spells: 9/11 levels left

rFire   . . .        u - +1 dagger (drain)
rCold   . . .        (no shield)
rNeg    . . .        b - +0 robe
rPois   +            (no helmet)
rElec   .            r - +0 cloak
rCorr   .            w - +0 pair of gloves
SInv    +            (no barding)
Will    .....        (no amulet)
Stlth   ++++         d - +6 ring of dexterity
HPRegen 0.28/turn    (no ring)
MPRegen 0.12/turn

%: no passive effects
@: short of breath, very slightly contaminated, invisible, very slow
A: AC +2, large, see invisible, deformed body, poison resistance, slowness 2,
spit poison 1, naga tail 1
a: Spit Poison


You were on level 3 of the Dungeon.
You visited 1 branch of the dungeon, and saw 4 of its levels.

You collected 135 gold pieces.

Inventory:

Hand Weapons
 a - a +1 dagger
 h - a +1 whip of flaming
 i - a +2 vampiric dagger
 t - a +0 lajatang
 u - a +1 dagger of draining (weapon)
 x - a +3 dagger
 y - a +1 flail of holy wrath
Missiles
 j - 5 atropa-tipped darts
 l - 10 poisoned darts
Armour
 b - a +0 robe (worn)
 r - a +0 cloak (worn)
 w - a +0 pair of gloves (worn)
Jewellery
 d - a +6 ring of dexterity (left hand)
Wands
 k - a wand of charming (3)
 v - a wand of mindburst (11)
Scrolls
 f - 6 scrolls of identify {unknown}
 g - a scroll of revelation {unknown}
 m - a scroll of noise {unknown}
 n - 2 scrolls of vulnerability {unknown}
 o - 4 scrolls of teleportation {unknown}
 p - a scroll of blinking {unknown}
 z - a scroll of fear {unknown}
 A - a scroll of immolation {unknown}
 B - a scroll of brand weapon {unknown}
Potions
 c - a potion of invisibility
 e - a potion of resistance {unknown}
 q - 2 potions of degeneration {unknown}
 s - a potion of curing {unknown}


   Skills:
 - Level 2.0 Fighting
 - Level 1.0 Short Blades
 - Level 2.0 Dodging
 - Level 8.0 Stealth
 - Level 3.0 Spellcasting
 - Level 3.0 Hexes
 - Level 2.0 Ice Magic
 + Level 1.6 Alchemy


You had 9 spell levels left.
You knew the following spells:

 Your Spells              Type           Power      Damage    Failure   Level
a - Ensorcelled Hibernat  Hex/Ice        22%        N/A       9%          2

Your spell library contained the following spells:

 Spells                   Type           Power      Damage    Failure   Level
 Confusing Touch          Hex            13%        N/A       14%         3
 Tukima's Dance           Hex            13%        N/A       14%         3
 Dazzling Flash           Conj/Hex       16%        N/A       26%         3
 Mephitic Cloud           Conj/Alch/Air  4%         N/A       36%         3
 Silence                  Hex/Air        4%         N/A       94%         5
 Curse of Agony           Necr           2%         N/A       99%         5


Dungeon Overview and Level Annotations

Branches:
Dungeon (4/15)
 Temple: D:4-7

Altars:


Innate Abilities, Weirdness & Mutations

Your serpentine skin is tough. (AC +2)
You have supernaturally acute eyesight. (SInv)
Armour fits poorly on your strangely shaped body.
Your system is resistant to poisons. (rPois)
You cover ground very slowly.
You can spit poison.
You have a snake-like lower body.


Message History

The adder attacks as it pursues you! The adder bites you.
You are poisoned.
The adder poisons you!
There is a stone staircase leading up, spattered with blood here.
You feel sick. The adder closely misses you. The iguana bites you!
The adder barely misses you.
You climb upwards.
You feel sick.
There is a stone staircase leading down here.
Casting: Ensorcelled Hibernation (safe; 9% risk of failure)
Confirm with . or Enter, or press ? or * to list all spells.
Aiming: Ensorcelled Hibernation (safe; 9% risk of failure)
Press: ? - help, Shift-Dir - straight line, f - iguana
Aim: an iguana (chance to affect: 53%)
You miscast Ensorcelled Hibernation.
You are very lightly contaminated with residual magic.
Nothing appears to happen.
You feel sick. The iguana bites you! The adder closely misses you.
Casting: Ensorcelled Hibernation (safe; 9% risk of failure)
Confirm with . or Enter, or press ? or * to list all spells.
Aiming: Ensorcelled Hibernation (safe; 9% risk of failure)
Press: ? - help, Shift-Dir - straight line, f - adder, p - iguana
Aim: an adder (chance to affect: 53%)
The adder looks drowsy...
You feel sick.
You are no longer poisoned.
The iguana bites you!
* * * LOW HITPOINT WARNING * * *
The helpless adder fails to defend itself.
You stick the adder like a pincushion!!!
You kill the adder!
The iguana closely misses you.
Aiming: Spit Poison (1% risk of failure)
Press: ? - help, Shift-Dir - straight line, f - iguana
Aim: an iguana (65% to hit)
The splash of poison hits the iguana!
The iguana is poisoned.
The iguana is moderately wounded.
The iguana bites you!
* * * LOW HITPOINT WARNING * * *
You fade into invisibility!
The iguana bites you!
You die...

#.# #.# #.# #.# #.#
#.#########
#.#########.##......#
#.........#.....###.#
####
#.......).####..# #.#
...### #.........#
#..# #.#
##...###.........#
#..# #.######
................@#
#..# #.......
.#####.#.......†l#
#..# ######.# .#
#...........# #..#
#.# .# ###..######.#
#..# #.# .# ##<# #.#
#..# #.# .#### #.#
#.# #..# #.#
....#####.# #.#
#..########.#
..........# #.#
#............
#P.####...# #.#
#........####


You could see an iguana (unable to see you, poisoned).

Vanquished Creatures
  A water moccasin (D:4)
  A bombardier beetle (D:3)
  An orc priest (D:3)
  4 adders
  A gnoll (D:1)
  2 ribbon worms (D:2)
  7 orcs (D:3)
  3 bats
  5 endoplasms
  A giant cockroach (D:1)
  11 goblins
  7 hobgoblins
  6 jackals
  7 kobolds
  4 quokkas
  9 ball pythons
  3 frilled lizards
  8 rats
81 creatures vanquished.

Notes
Turn   | Place    | Note
-------+----------+-------------------------------------------
     0 | D:1      | 910rd the Naga Enchanter began the quest for the Orb.
     0 | D:1      | Reached XP level 1. HP: 15/15 MP: 3/3
    21 | D:1      | Reached skill level 5 in Stealth
    21 | D:1      | Reached skill level 1 in Fighting
    21 | D:1      | Reached XP level 2. HP: 25/25 MP: 5/5
    86 | D:1      | Found a faded altar of an unknown god.
   216 | D:1      | Upgraded the game from 0.32-a0-131-g9dbbe29261 to
                  | 0.32-a0-172-gc5dd13f2a7
   219 | D:1      | Learned a level 2 spell: Ensorcelled Hibernation
   335 | D:1      | Reached skill level 1 in Ice Magic
   409 | D:1      | Reached XP level 3. HP: 27/31 MP: 3/6
  1636 | D:3      | Reached skill level 6 in Stealth
  1638 | D:3      | Reached XP level 4. HP: 38/38 MP: 2/7
  2197 | D:3      | Reached XP level 5. HP: 45/45 MP: 8/8
  2568 | D:3      | Reached skill level 7 in Stealth
  2801 | D:4      | Noticed a water moccasin
  2808 | D:4      | Killed a water moccasin
  2809 | D:4      | Reached skill level 8 in Stealth
  2809 | D:4      | Reached XP level 6. HP: 37/52 MP: 6/10
  2995 | D:3      | Reached skill level 1 in Alchemy
  3194 | D:3      | Mangled by an iguana

Illustrated notes

Levels and vault maps discovered:
D:1:      grunt_arrival_crossed_arrows, layout_basic,
          shapermc_ecumenical_altar_mp_urbaneastern
D:2:      layout_basic, hangedman_glass_teeth, minmay_nonomino_d4
D:3:      corexii_shack_village, layout_basic
D:4:      layout_cave_pools, minmay_misc_feat_tiny, minmay_door_square,
          uniq_edmund, uniq_natasha

Skill      XL: |  1  2  3  4  5  6 |
---------------+-------------------+-----
Stealth        | 5 6 8 |  8.0
Fighting       | 1 2 |  2.0
Ice Magic      | 1 2 |  2.0
Dodging        | 2 |  2.0
Spellcasting   | 3 |  3.0
Alchemy        | 1 |  1.6
Short Blades   | |  1.0
Hexes          | |  3.0

Action                     |  1- 3 |  4- 6 || total
---------------------------+-------+-------++-------
  Melee: Dagger            |    36 |    64 ||   100
   Cast: Ensorcelled Hiber |    18 |    16 ||    34
Ability: Spit Poison       |    25 |    16 ||    41
    Use: Potion            |       |     1 ||     1
   Stab: Sleeping          |    17 |    19 ||    36
 Armour: Robe              |    32 |    54 ||    86
  Dodge: Dodged            |    22 |    47 ||    69

Table legend: (Time is in decaauts)
 A = Elapsed time spent in this place.
 B = Non-inter-level travel time spent in this place.
 C = Inter-level travel time spent in this place.
 D = Time resting spent in this place.
 E = Time spent auto-exploring this place.
 F = Levels seen in this place.
 G = Mean time per level.
                   A        B        C        D        E       F      G
               +--------+--------+--------+--------+--------+-----+--------+
         Total |   4015 |   3818 |    197 |    255 |   2859 |   4 | 1003.8 |
       Dungeon |   4015 |   3818 |    197 |    255 |   2859 |   4 | 1003.8 |
               +--------+--------+--------+--------+--------+-----+--------+

Top non-repeatable levels by time:
     D:3: 1548 daAuts
     D:1: 1073 daAuts
     D:2: 1036 daAuts
     D:4: 356 daAuts
